| TOP OF THE 1ST |
|
Lehigh Valley IronPigs batting - Pitching for El Paso Chihuahuas : RHP Jorge Guerrero
|
|
Pitching: RHP Jorge Guerrero
|
|
|
Batting: RHB Mitch Boyd
|
0-0: Ball 1-0: Ball 2-0: Swinging Strike 2-1: Swinging Strike 2-2: Strikes out swinging
|
|
Batting: RHB Alberto Ramirez
|
0-0: Called Strike 0-1: Ball 1-1: Ball 2-1: SINGLE (Flyball, 6D, EV 93.1 MPH)
|
|
Batting: LHB Danny Hill
|
0-0: Called Strike Alberto Ramirez steals 2nd base (no throw) 0-1: Swinging Strike 0-2: SINGLE (Groundball, 6MD, EV 105.0 MPH) Alberto Ramirez to third
|
|
Batting: RHB Raul de la Cruz
|
0-0: Called Strike 0-1: Fly out, F8 (Flyball, 8RD, EV 107.5 MPH)
|
|
Batting: RHB Chris Pounds
|
0-0: Ball 1-0: Ball 2-0: Ground out U3 (Groundball, 3, EV 106.9 MPH)
|
| Top of the 1st over - 0 runs, 2 hits, 0 errors, 2 left on base; Lehigh Valley 0 - El Paso 0 |
| BOTTOM OF THE 1ST |
|
El Paso Chihuahuas batting - Pitching for Lehigh Valley IronPigs : RHP Ken Tetzlaff
|
|
Pitching: RHP Ken Tetzlaff
|
|
|
Batting: RHB Itsuo Yoshioka
|
0-0: Called Strike 0-1: Called Strike 0-2: Ball 1-2: Ball 2-2: Foul Ball, location: 2F 2-2: Ball 3-2: DOUBLE (Line Drive, 7LM, EV 106.2 MPH)
|
|
Batting: LHB Chris Moody
|
0-0: Ground out U3 (Groundball, 34, EV 98.8 MPH) Itsuo Yoshioka to third
|
|
Batting: RHB Juan Martinez
|
0-0: Ball 1-0: SINGLE (Line Drive, 56D, EV 98.1 MPH) Itsuo Yoshioka scores
|
|
Batting: SHB Troy Maynard
|
0-0: Called Strike 0-1: Ball 1-1: SINGLE (Line Drive, 8LS, EV 100.0 MPH) Juan Martinez to second Runner from 2nd tries for 3rd, SAFE, throw by CF made to third
|
|
Batting: SHB Jamie Roberts
|
0-0: Swinging Strike 0-1: Foul Ball, location: 2F 0-2: Foul Ball, location: 2F 0-2: Ball 1-2: Strikes out looking
|
|
Batting: LHB Doug Barr
|
0-0: Ball 1-0: Ball 2-0: Called Strike 2-1: Ball 3-1: Called Strike 3-2: Foul Ball, location: 2F 3-2: Fly out, F8 (Flyball, 78M, EV 83.8 MPH)
|
| Bottom of the 1st over - 1 run, 3 hits, 0 errors, 2 left on base; Lehigh Valley 0 - El Paso 1 |
| TOP OF THE 2ND |
|
Lehigh Valley IronPigs batting - Pitching for El Paso Chihuahuas : RHP Jorge Guerrero
|
|
Batting: RHB Matt Sanders
|
0-0: Called Strike 0-1: Ground out 3-1 (Groundball, 34, EV 93.1 MPH)
|
|
Batting: SHB Benjamin Brown
|
0-0: Called Strike 0-1: Ground out 4-3 (Groundball, 4, EV 86.9 MPH)
|
|
Batting: RHB Moritake Fukumoto
|
0-0: Ball 1-0: Ball 2-0: Called Strike 2-1: Foul Ball, location: 2F 2-2: Strikes out looking
|
| Top of the 2nd over - 0 runs, 0 hits, 0 errors, 0 left on base; Lehigh Valley 0 - El Paso 1 |
| BOTTOM OF THE 2ND |
|
El Paso Chihuahuas batting - Pitching for Lehigh Valley IronPigs : RHP Ken Tetzlaff
|
|
Batting: RHB Dan Grable
|
0-0: Ball 1-0: Called Strike 1-1: Fly out, F1 (Line Drive, P, EV 69.4 MPH)
|
|
Batting: RHB Steve Martin
|
0-0: Ball 1-0: Foul Ball, location: 2F 1-1: Ball 2-1: Ball 3-1: Foul Ball, location: 2F 3-2: Strikes out swinging
|
|
Batting: LHB Josh Slusarczyk
|
0-0: Called Strike 0-1: Ball 1-1: Called Strike 1-2: Foul Ball, location: 2F 1-2: Ground out 4-3 (Groundball, 4, EV 85.6 MPH)
|
| Bottom of the 2nd over - 0 runs, 0 hits, 0 errors, 0 left on base; Lehigh Valley 0 - El Paso 1 |
| TOP OF THE 3RD |
|
Lehigh Valley IronPigs batting - Pitching for El Paso Chihuahuas : RHP Jorge Guerrero
|
|
Batting: RHB Jake Cox
|
0-0: Ball 1-0: SINGLE (Groundball, 4MD, EV 106.2 MPH)
|
|
Batting: RHB Mitch Boyd
|
0-0: Fly out, F8 (Flyball, 8RD, EV 95.0 MPH)
|
|
Batting: RHB Alberto Ramirez
|
0-0: SINGLE (Flyball, 78M, EV 93.1 MPH) Jake Cox to second
|
|
Batting: LHB Danny Hill
|
0-0: Ball 1-0: Foul Ball, location: 2F 1-1: Called Strike 1-2: Strikes out swinging
|
|
Batting: RHB Raul de la Cruz
|
0-0: Foul Ball, location: 2F 0-1: Ball 1-1: Fly out, F9 (Flyball, 9LMF, EV 90.6 MPH)
|
| Top of the 3rd over - 0 runs, 2 hits, 0 errors, 2 left on base; Lehigh Valley 0 - El Paso 1 |
| BOTTOM OF THE 3RD |
|
El Paso Chihuahuas batting - Pitching for Lehigh Valley IronPigs : RHP Ken Tetzlaff
|
|
Batting: RHB Itsuo Yoshioka
|
0-0: Ball 1-0: Fly out, F7 (Line Drive, 7S, EV 100.0 MPH)
|
|
Batting: LHB Chris Moody
|
0-0: Foul Ball, location: 2F 0-1: Fly out, F7 (Flyball, 7S, EV 87.5 MPH)
|
|
Batting: RHB Juan Martinez
|
0-0: Called Strike 0-1: Foul Ball, location: 2F 0-2: Ball 1-2: Ground out 6-3 (Groundball, 6, EV 88.1 MPH)
|
| Bottom of the 3rd over - 0 runs, 0 hits, 0 errors, 0 left on base; Lehigh Valley 0 - El Paso 1 |
| TOP OF THE 4TH |
|
Lehigh Valley IronPigs batting - Pitching for El Paso Chihuahuas : RHP Jorge Guerrero
|
|
Batting: RHB Chris Pounds
|
0-0: Swinging Strike 0-1: Ball 1-1: Ball 2-1: Foul Ball, location: 2F 2-2: Fly out, F9 (Line Drive, 9S, EV 89.4 MPH)
|
|
Batting: RHB Matt Sanders
|
0-0: Ball 1-0: Called Strike 1-1: Ball 2-1: SINGLE (Groundball, 23, EV 68.1 MPH) (infield hit)
|
|
Batting: SHB Benjamin Brown
|
0-0: Ball 1-0: Grounds into double play, 4-6-3 (Groundball, 34S, EV 82.5 MPH)
|
| Top of the 4th over - 0 runs, 1 hit, 0 errors, 0 left on base; Lehigh Valley 0 - El Paso 1 |
| BOTTOM OF THE 4TH |
|
El Paso Chihuahuas batting - Pitching for Lehigh Valley IronPigs : RHP Ken Tetzlaff
|
|
Batting: SHB Troy Maynard
|
0-0: Ground out 4-3 (Groundball, 4, EV 91.9 MPH)
|
|
Batting: SHB Jamie Roberts
|
0-0: Ground out 4-3 (Groundball, 4MS, EV 68.1 MPH)
|
|
Batting: LHB Doug Barr
|
0-0: Fly out, F9 (Flyball, 9, EV 84.4 MPH)
|
| Bottom of the 4th over - 0 runs, 0 hits, 0 errors, 0 left on base; Lehigh Valley 0 - El Paso 1 |
| TOP OF THE 5TH |
|
Lehigh Valley IronPigs batting - Pitching for El Paso Chihuahuas : RHP Jorge Guerrero
|
|
Batting: RHB Moritake Fukumoto
|
0-0: Called Strike 0-1: Foul Ball, location: 2F 0-2: Foul Ball, location: 2F 0-2: Ball 1-2: Ground out 6-3 (Groundball, 6, EV 88.8 MPH)
|
|
Batting: RHB Jake Cox
|
0-0: Called Strike 0-1: Called Strike 0-2: Ball 1-2: Ball 2-2: Foul Ball, location: 2F 2-2: Strikes out swinging
|
|
Batting: RHB Mitch Boyd
|
0-0: Called Strike 0-1: Ball 1-1: Ball 2-1: Foul Ball, location: 2F 2-2: SINGLE (Groundball, 6S, EV 61.9 MPH) (infield hit)
|
|
Batting: RHB Alberto Ramirez
|
0-0: Ball 1-0: Foul Ball, location: 2F 1-1: Ground out U3 (Groundball, 3, EV 102.5 MPH)
|
| Top of the 5th over - 0 runs, 1 hit, 0 errors, 1 left on base; Lehigh Valley 0 - El Paso 1 |
| BOTTOM OF THE 5TH |
|
El Paso Chihuahuas batting - Pitching for Lehigh Valley IronPigs : RHP Ken Tetzlaff
|
|
Batting: RHB Dan Grable
|
0-0: Foul Ball, location: 2F 0-1: Ball 1-1: Ground out 6-3 (Groundball, 56, EV 106.9 MPH)
|
|
Batting: RHB Steve Martin
|
0-0: Called Strike 0-1: Foul Ball, location: 2F 0-2: Strikes out swinging
|
|
Batting: LHB Josh Slusarczyk
|
0-0: Ball 1-0: Ground out 3-1 (Groundball, 34S, EV 84.4 MPH)
|
| Bottom of the 5th over - 0 runs, 0 hits, 0 errors, 0 left on base; Lehigh Valley 0 - El Paso 1 |
| TOP OF THE 6TH |
|
Lehigh Valley IronPigs batting - Pitching for El Paso Chihuahuas : RHP Jorge Guerrero
|
|
Batting: LHB Danny Hill
|
0-0: Swinging Strike 0-1: Ball 1-1: Ball 2-1: Swinging Strike 2-2: Foul Ball, location: 2F 2-2: Foul Ball, location: 2F 2-2: Ball 3-2: Foul Ball, location: 2F 3-2: Base on Balls
|
|
Batting: RHB Raul de la Cruz
|
0-0: Called Strike 0-1: Swinging Strike 0-2: Ball 1-2: Fielders Choice at 2nd, 6-4 (Groundball, 56D, EV 83.8 MPH)
|
|
Batting: RHB Chris Pounds
|
0-0: Called Strike 0-1: Fly out, F7 (Flyball, 78S, EV 84.4 MPH)
|
|
Batting: RHB Matt Sanders
|
0-0: Ball Raul de la Cruz is caught stealing 2nd base 2-4
|
| Top of the 6th over - 0 runs, 0 hits, 0 errors, 0 left on base; Lehigh Valley 0 - El Paso 1 |
| BOTTOM OF THE 6TH |
|
El Paso Chihuahuas batting - Pitching for Lehigh Valley IronPigs : RHP Ken Tetzlaff
|
|
Batting: RHB Itsuo Yoshioka
|
0-0: Called Strike 0-1: Ball 1-1: Fly out, F4 (Popup, 3S, EV 82.5 MPH)
|
|
Batting: LHB Chris Moody
|
0-0: Swinging Strike 0-1: Ground out U3 (Groundball, 3L, EV 85.0 MPH)
|
|
Batting: RHB Juan Martinez
|
0-0: Called Strike 0-1: Ball 1-1: Ball 2-1: Ball 3-1: Base on Balls
|
|
Batting: SHB Troy Maynard
|
0-0: Ball 1-0: SINGLE (Groundball, 4MD, EV 108.8 MPH) Juan Martinez to second Runner from 2nd tries for 3rd, SAFE, throw by CF made to third
|
|
Batting: SHB Jamie Roberts
|
0-0: Called Strike 0-1: Called Strike 0-2: Ball 1-2: Ball 2-2: Ball 3-2: Strikes out swinging
|
| Bottom of the 6th over - 0 runs, 1 hit, 0 errors, 2 left on base; Lehigh Valley 0 - El Paso 1 |
| TOP OF THE 7TH |
|
Lehigh Valley IronPigs batting - Pitching for El Paso Chihuahuas : RHP Jorge Guerrero
|
|
Batting: RHB Matt Sanders
|
0-0: Foul Ball, location: 2F 0-1: Ground out 6-3 (Groundball, 6, EV 77.5 MPH)
|
|
Batting: SHB Benjamin Brown
|
0-0: SINGLE (Line Drive, 8LS, EV 86.9 MPH)
|
|
Pinch Hitting: LHB Jose Carlos
|
0-0: Ball Wild Pitch! Benjamin Brown to second 1-0: Ground out 1-3 (Groundball, 13S, EV 70.0 MPH) Benjamin Brown to third
|
|
Pinch Hitting: SHB Bob Dixon
|
0-0: Ball 1-0: Ground out U3 (Groundball, 34, EV 96.9 MPH)
|
| Top of the 7th over - 0 runs, 1 hit, 0 errors, 1 left on base; Lehigh Valley 0 - El Paso 1 |
| BOTTOM OF THE 7TH |
|
El Paso Chihuahuas batting - Pitching for Lehigh Valley IronPigs : RHP Ken Tetzlaff
|
|
Now at 2B: Fletcher Easter
|
|
|
Now at 3B: Luis Arce
|
|
|
Batting: LHB Doug Barr
|
0-0: Called Strike 0-1: Ball 1-1: Swinging Strike 1-2: Ground out 5-3 (Groundball, 56S, EV 61.2 MPH)
|
|
Batting: RHB Dan Grable
|
0-0: Foul Ball, location: 2F 0-1: Ball 1-1: Ball 2-1: Foul Ball, location: 2F 2-2: Foul Ball, location: 2F 2-2: Ball 3-2: Foul Ball, location: 2F 3-2: Fly out, F7 (Flyball, 78M, EV 83.1 MPH)
|
|
Batting: RHB Steve Martin
|
0-0: Ground out U3 (Groundball, 3L, EV 89.4 MPH)
|
| Bottom of the 7th over - 0 runs, 0 hits, 0 errors, 0 left on base; Lehigh Valley 0 - El Paso 1 |
| TOP OF THE 8TH |
|
Lehigh Valley IronPigs batting - Pitching for El Paso Chihuahuas : RHP Jorge Guerrero
|
|
Batting: RHB Mitch Boyd
|
0-0: Ball 1-0: Called Strike 1-1: Ground out 6-3 (Groundball, 56D, EV 106.2 MPH)
|
|
Batting: RHB Alberto Ramirez
|
0-0: Ball 1-0: SINGLE (Groundball, 56D, EV 104.4 MPH)
|
|
Batting: LHB Danny Hill
|
0-0: Ball 1-0: Swinging Strike 1-1: Ball 2-1: SINGLE (Groundball, 34S, EV 70.6 MPH) (infield hit) Alberto Ramirez to second
|
|
Batting: RHB Raul de la Cruz
|
0-0: Called Strike 0-1: SINGLE (Groundball, 6MD, EV 99.4 MPH) Alberto Ramirez to third Danny Hill to second Runner from 3rd tries for Home, SAFE, throw by CF to home
|
|
Batting: RHB Chris Pounds
|
0-0: Called Strike 0-1: Ball 1-1: Ball 2-1: Ball 3-1: Base on Balls Danny Hill to third Raul de la Cruz to second
|
|
Batting: RHB Matt Sanders
|
0-0: Called Strike 0-1: Ball 1-1: Fly out, F8 (Flyball, 8RD, EV 81.9 MPH) Runner from 3rd tags up, SCORES, throw by CF
|
|
Pitching: RHP Jadon Martin
|
|
|
Batting: SHB Benjamin Brown
|
0-0: Ball 1-0: Ground out 5-3 (Groundball, 5S, EV 75.6 MPH)
|
| Top of the 8th over - 2 runs, 3 hits, 0 errors, 2 left on base; Lehigh Valley 2 - El Paso 1 |
| BOTTOM OF THE 8TH |
|
El Paso Chihuahuas batting - Pitching for Lehigh Valley IronPigs : RHP Ken Tetzlaff
|
|
Batting: LHB Josh Slusarczyk
|
0-0: Fly out, F7 (Flyball, 7LMF, EV 83.8 MPH)
|
|
Batting: RHB Itsuo Yoshioka
|
0-0: Ball 1-0: Ball 2-0: Called Strike 2-1: Swinging Strike 2-2: Ball 3-2: Strikes out swinging
|
|
Batting: LHB Chris Moody
|
0-0: Ball 1-0: Ball 2-0: Ground out 4-3 (Groundball, 4, EV 107.5 MPH)
|
| Bottom of the 8th over - 0 runs, 0 hits, 0 errors, 0 left on base; Lehigh Valley 2 - El Paso 1 |
| TOP OF THE 9TH |
|
Lehigh Valley IronPigs batting - Pitching for El Paso Chihuahuas : RHP Jadon Martin
|
|
Batting: RHB Fletcher Easter
|
0-0: Ball 1-0: Foul Ball, location: 2F 1-1: Swinging Strike 1-2: Ball 2-2: Foul Ball, location: 2F 2-2: Ball 3-2: Strikes out swinging
|
|
Batting: RHB Luis Arce
|
0-0: Ball 1-0: Ball 2-0: Ground out 6-3 (Groundball, 6M, EV 105.0 MPH)
|
|
Batting: RHB Mitch Boyd
|
0-0: Swinging Strike 0-1: Ball 1-1: Ball 2-1: Ball 3-1: Called Strike 3-2: Foul Ball, location: 2F 3-2: Fly out, F4 (Popup, 4D, EV 51.9 MPH)
|
| Top of the 9th over - 0 runs, 0 hits, 0 errors, 0 left on base; Lehigh Valley 2 - El Paso 1 |
| BOTTOM OF THE 9TH |
|
El Paso Chihuahuas batting - Pitching for Lehigh Valley IronPigs : RHP Ken Tetzlaff
|
|
Pitching: RHP Jeremy Mitchem
|
|
|
Batting: RHB Juan Martinez
|
0-0: Called Strike 0-1: Fly out, F9 (Flyball, 89M, EV 86.2 MPH)
|
|
Batting: SHB Troy Maynard
|
0-0: Swinging Strike 0-1: Swinging Strike 0-2: Ball 1-2: Foul Ball, location: 2F 1-2: Ball 2-2: Foul Ball, location: 2F 2-2: Strikes out swinging
|
|
Batting: SHB Jamie Roberts
|
0-0: Foul Ball, location: 2F 0-1: SINGLE (Groundball, 4MD, EV 100.0 MPH) (infield hit)
|
|
Batting: LHB Doug Barr
|
0-0: Ball 1-0: Foul Ball, location: 2F 1-1: Ground out 1-3 (Groundball, 15S, EV 61.9 MPH)
|
| Bottom of the 9th over - 0 runs, 1 hit, 0 errors, 1 left on base; Lehigh Valley 2 - El Paso 1 |
|